 Dungeon Crawl Stone Soup version 0.30-b1-2-g02819fbbbe (webtiles) character file.

Game seed: 16833815003978806364

1000 night the Grappler (level 8, -15/74 HPs)
             Began as a Troll Berserker on May 23, 2023.
             Was an Elder of Trog.
             Demolished by an orc priest
             ... wielding a +1 whip of electrocution
              (17 damage)
             ... on level 6 of the Dungeon.
             The game lasted 00:07:28 (3772 turns).

night the Grappler (Troll Berserker)                Turns: 3772, Time: 00:07:28

Health: -15/74     AC:  5    Str: 28    XL:     8   Next: 0%
Magic:  7/7        EV: 10    Int:  3    God:    Trog [****..]
Gold:   303        SH:  0    Dex:  9    Spells: 7/7 levels left

rFire   . .          .
                       - Unarmed
rCold   . . .        (no shield)
rNeg    . . .        a - +0 animal skin
rPois   .            (helmet restricted)
rElec   .            x - +0 cloak
rCorr   .            (gloves unavailable)
SInv    .            (boots unavailable)
Will    .....        (no amulet)
Stlth   +            (no ring)
HPRegen 1.12/turn    (no ring)
MPRegen 0.10/turn

%: no passive effects
@: mighty, flying
A: large, unfitting armour, claws 3, regeneration 1, shaggy fur 1, tough skin 1
a: Renounce Religion, Berserk, Trog's Hand, Brothers in Arms


You were on level 6 of the Dungeon.
You worshipped Trog.
Trog was greatly pleased with you.
You visited 1 branch of the dungeon, and saw 6 of its levels.

You collected 303 gold pieces.

Inventory:

Missiles
 j - 11 poisoned darts (quivered)
 n - 24 stones
 r - 3 atropa-tipped darts
 s - 3 boomerangs
Armour
 a - a +0 animal skin (worn)
 k - a scarf of repulsion
 x - a +0 cloak (worn)
Wands
 q - a wand of mindburst (21)
 u - a wand of acid (6)
 y - a wand of digging (4)
 B - a wand of flame (9)
Scrolls
 b - 2 scrolls of noise {unknown}
 f - 4 scrolls of identify {unknown}
 g - a scroll of immolation {unknown}
 h - a scroll of butterflies {unknown}
 m - 3 scrolls of teleportation {unknown}
 w - a scroll of fear {unknown}
 A - a scroll of enchant weapon {unknown}
Potions
 c - a potion of haste {unknown}
 d - a potion of cancellation {unknown}
 e - 2 potions of curing {unknown}
 i - 2 potions of flight
 l - 2 potions of heal wounds {unknown}
 o - 2 potions of might
 p - a potion of berserk rage {unknown}
 t - a potion of invisibility {unknown}
 v - a potion of degeneration {unknown}
 z - 2 potions of lignification {unknown}


   Skills:
 - Level 2.4 Fighting
 - Level 2.4 Dodging
 + Level 9.8 Unarmed Combat


You had 7 spell levels left.
You didn't know any spells.
Your spell library contained the following spells:

 Spells                   Type           Power      Damage    Failure   Level
 Beastly Appendage        Tmut           0%         N/A       52%         1
 Blink                    Tloc           0%         N/A       67%         2
 Ensorcelled Hibernation  Hex/Ice        0%         N/A       67%         2
 Passwall                 Tmut/Erth      0%         N/A       67%         2
 Wereblood                Tmut           0%         N/A       67%         2
 Spider Form              Tmut/Pois      0%         N/A       88%         3
 Swiftness                Air            0%         N/A       88%         3
 Manifold Assault         Tloc           0%         N/A       99%         4
 Storm Form               Tmut/Air       0%         N/A       100%        7


Dungeon Overview and Level Annotations

Branches:
Dungeon (6/15)             Temple (0/1) D:6

Altars:
Ashenzari
Dithmenos
Fedhas
Kikubaaqudgha
Xom
Zin


Innate Abilities, Weirdness & Mutations

You are too large for most types of armour.
You have claws for hands.
Your natural rate of healing is unusually fast.
You are covered in fur. (AC +1)
You have tough skin. (AC +1)


Message History

* * * LOW HITPOINT WARNING * * *
The orc priest completely misses you.
You closely miss the orc. You scratch the orc.
The orc is lightly wounded.
The orc wizard closely misses you.
The orc priest hits you with a +1 whip of electrocution.
* * * LOW HITPOINT WARNING * * *
The orc closely misses you.
You closely miss the orc. You claw the orc.
You kill the orc!
Trog accepts your kill.
The orc priest casts a cantrip, but nothing happens.
The orc wizard closely misses you.
You scratch the orc wizard.
The orc wizard is almost dead.
The orc wizard casts a spell at you. The magic dart hits you.
* * * LOW HITPOINT WARNING * * *
The orc priest hits you but does no damage.
You are electrocuted!
* * * LOW HITPOINT WARNING * * *
You mangle the orc wizard!!
You kill the orc wizard!
Trog accepts your kill.
Trog appreciates your killing of a magic user.
The orc priest hits you with a +1 whip of electrocution.
* * * LOW HITPOINT WARNING * * *
You have reached level 8!
It was a potion of flight.
You feel very buoyant.
You fly up into the air.
The orc priest hits you but does no damage.
Okay, then.
It was a potion of might.
You feel very mighty all of a sudden.
The orc priest hits you with a +1 whip of electrocution.
* * * LOW HITPOINT WARNING * * *
You are electrocuted!
You die...

#..........# ..
#..#.[.....# ...
+.........##### ....
##............# ..$..
#............##o.....
...............o.....
....?...#.....##......
.............)o# .....
.......#....@)# ....
......#.#####♣ .#s
........ # ..##.... ..
#....


You could see an orc priest.

Vanquished Creatures
  An orc warrior (D:6)
  A black bear (D:5)
  3 phantoms
  A bullfrog (D:6)
  4 hounds
  5 orc wizards
  4 iguanas (D:5)
  Robin (D:2)
  3 gnolls (D:3)
  5 adders
  A white imp (D:5)
  5 worms
  4 dart slugs
  20 orcs
  6 bats
  7 endoplasms
  3 giant cockroaches
  9 hobgoblins
  A quokka (D:1)
  8 ball pythons
  6 frilled lizards
  19 goblins
  6 kobolds
  6 rats
129 creatures vanquished.

Vanquished Creatures (others)
  A dart slug (D:3)
  2 ball pythons (D:3)
  2 rats (D:3)
5 creatures vanquished.

Grand Total: 134 creatures vanquished

Notes
Turn   | Place    | Note
-------+----------+-------------------------------------------
     0 | D:1      | night the Troll Berserker began the quest for the Orb.
     0 | D:1      | Reached XP level 1. HP: 22/22 MP: 0/0
   113 | D:1      | Reached XP level 2. HP: 29/29 MP: 1/1
   257 | D:1      | Reached ** piety under Trog
   259 | D:1      | Reached skill level 4 in Unarmed Combat
   465 | D:2      | Found a faded altar of an unknown god.
   507 | D:2      | Reached XP level 3. HP: 36/36 MP: 2/2
   512 | D:2      | Noticed Robin
   572 | D:2      | Killed Robin
   690 | D:2      | Reached XP level 4. HP: 44/44 MP: 3/3
   697 | D:2      | Reached skill level 5 in Unarmed Combat
  1074 | D:3      | Reached *** piety under Trog
  1148 | D:3      | Found a glowing silver altar of Zin.
  1148 | D:3      | Found an ancient bone altar of Kikubaaqudgha.
  1153 | D:3      | Found a blossoming altar of Fedhas.
  1165 | D:3      | Found a broken altar of Ashenzari.
  1166 | D:3      | Found a shadowy altar of Dithmenos.
  1279 | D:3      | Found a shimmering altar of Xom.
  1643 | D:3      | Reached XP level 5. HP: 50/50 MP: 4/4
  1890 | D:4      | Reached skill level 6 in Unarmed Combat
  2322 | D:5      | Entered Level 5 of the Dungeon
  2377 | D:5      | Reached XP level 6. HP: 49/59 MP: 5/5
  2378 | D:5      | Reached skill level 7 in Unarmed Combat
  2490 | D:5      | Reached **** piety under Trog
  2800 | D:5      | Reached skill level 8 in Unarmed Combat
  2850 | D:5      | Reached XP level 7. HP: 57/66 MP: 6/6
  3690 | D:6      | Reached skill level 9 in Unarmed Combat
  3700 | D:6      | Found a staircase to the Ecumenical Temple.
  3700 | D:6      | Identified the +9 hand axe "Zuacvaog" {heavy, rN+}
  3770 | D:6      | HP: 2/66 [orc priest/+1 whip of electrocution (5)]
  3771 | D:6      | Reached XP level 8. HP: 2/74 MP: 7/7
  3772 | D:6      | Demolished by an orc priest

Illustrated notes

Levels and vault maps discovered:
D:1:      dpeg_arrival_shelter, layout_rooms, kennysheep_decorative_pillar,
          minmay_tetromino_t4
D:2:      layout_rooms, nicolae_ecumenical_oubliette, uniq_robin
D:3:      layout_loops_ring, xom_confusion_cloud, minitemple
D:4:      layout_basic
D:5:      layout_layer_cave
D:6:      layout_basic, mainiacjoe_overflow_alcove_1,
          mainiacjoe_overflow_cross_hatched, minmay_temple_entry_sparse_star

Skill      XL: |  1  2  3  4  5  6  7 |
---------------+----------------------+-----
Unarmed Combat | 4 5 6 8 9 |  9.8
Fighting       | |  2.4
Dodging        | |  2.4

Action                     |  1- 3 |  4- 6 |  7- 9 || total
---------------------------+-------+-------+-------++-------
  Melee: Unarmed           |   107 |   154 |    66 ||   327
         Punch             |     2 |     2 |     5 ||     9
 Invoke: Berserk           |       |     1 |       ||     1
    Use: Potion            |       |       |     2 ||     2
 Armour: Animal skin       |    25 |    40 |    24 ||    89
  Dodge: Dodged            |    49 |    85 |    48 ||   182
         Repelled          |       |     5 |       ||     5
